 Dungeon Crawl Stone Soup version 0.29.1-2-gbd0b4ee654 (webtiles) character file.

Game seed: 14731843581056290638

755 zeram the Shield-Bearer (level 7, -8/84 (90) HPs)
             Began as a Gnoll Fighter on Nov 18, 2022.
             Was an Initiate of Gozag.
             Mangled by an orc warrior
             ... wielding a +0 scimitar
              (12 damage)
             ... on level 6 of the Dungeon.
             The game lasted 00:06:06 (3746 turns).

zeram the Shield-Bearer (Gnoll Fighter)             Turns: 3746, Time: 00:06:08

HP:   -8/84 (90)    AC: 23    Str: 18    XL:     7   Next: 79%
MP:   0/11          EV:  2    Int:  7    God:    Gozag
Gold: 237           SH:  5    Dex: 11    Spells: 11/11 levels left

rFire   . . .      SeeInvis .   t - +2 spear (vorpal)
rCold   . . .      Faith    .   c - +0 buckler
rNeg    . . .      Spirit   +   (body armour currently unavailable)
rPois   +          Reflect  .   (helmet currently unavailable)
rElec   .          Harm     .   (cloak currently unavailable)
rCorr   .          Rampage  .   (gloves currently unavailable)
Will    .....      NoTele   +   (boots currently unavailable)
Stlth   ++........              y - amulet of guardian spirit
HPRegen 0.24/turn               k - ring of poison resistance
MPRegen 0.12/turn               (no ring)

@: tree-form, hasted, drained, very quick
A: stationary, stasis, torment immunity, boosted hp, (fangs 1), strong nose,
distributed training
a: Renounce Religion, Potion Petition, Call Merchant, Bribe Branch


You were on level 6 of the Dungeon.
You worshipped Gozag.
Gozag was aware of your devotion.
You were a tree.
You visited 2 branches of the dungeon, and saw 8 of its levels.

You collected 305 gold pieces.
You paid 68 gold pieces to Gozag.

Inventory:

Hand Weapons
 a - a +0 trident
 t - a +2 vorpal spear (weapon)
Armour
 b - a +0 scale mail (melded)
 c - a +0 buckler (worn)
 e - a +1 hat (melded)
 m - an orb of guile
 s - a +0 cloak (melded)
Jewellery
 k - a ring of poison resistance (left branch)
 y - an amulet of guardian spirit (around neck)
Scrolls
 d - a scroll of enchant weapon {unknown}
 g - a scroll of noise {unknown}
 h - 2 scrolls of enchant armour {unknown}
 i - a scroll of blinking {unknown}
 j - 4 scrolls of amnesia {unknown}
 l - a scroll of silence {unknown}
 p - 2 scrolls of identify
 q - a scroll of immolation {unknown}
 w - a scroll of poison {unknown}
Potions
 f - a potion of magic
 o - a potion of heal wounds {unknown}
 r - 2 potions of attraction
 u - a potion of cancellation
 v - a potion of berserk rage {unknown}
 x - a potion of flight {unknown}
 z - a potion of resistance {unknown}


   Skills:
 + Level 7.2 Fighting
 + Level 2.8 Short Blades
 + Level 2.8 Long Blades
 + Level 2.8 Axes
 + Level 2.8 Maces & Flails
 + Level 5.4 Polearms
 + Level 2.8 Staves
 + Level 2.8 Ranged Weapons
 + Level 2.8 Throwing
 + Level 7.2 Armour
 + Level 2.8 Dodging
 + Level 2.8 Stealth
 + Level 7.2 Shields
 + Level 2.8 Unarmed Combat
 + Level 2.8 Spellcasting
 + Level 2.3 Conjurations
 + Level 2.3 Hexes
 + Level 2.3 Summonings
 + Level 2.3 Necromancy
 + Level 2.3 Translocations
 + Level 2.3 Transmutations
 + Level 2.3 Fire Magic
 + Level 2.3 Ice Magic
 + Level 2.3 Air Magic
 + Level 2.3 Earth Magic
 + Level 2.3 Poison Magic
 + Level 3.1 Invocations
 + Level 2.8 Evocations


You had 11 spell levels left.
You didn't know any spells.
Your spell library was empty.

Dungeon Overview and Level Annotations

Branches:
Dungeon (7/15)             Temple (1/1) D:4

Altars:
Ashenzari
Cheibriados
Dithmenos
Elyvilon
Fedhas
Gozag
Hepliaklqana
Makhleb
Nemelex Xobeh
Okawaru
Ru
Trog
Uskayaw
Vehumet
Wu Jian
Xom
Yredelemnul
Zin
The Shining One

Shops:
D:4 =


Innate Abilities, Weirdness & Mutations

You are a tree.
Your roots penetrate the ground, keeping you stationary.
You cannot be teleported.
You are immune to unholy pain and torment.
Your maximum health is greatly increased.
Your equipment is partially melded.
((You have very sharp teeth.))
Your uncanny sense of smell can sniff out nearby items.
Your experience applies equally to all skills.


Message History

You hit the orc warrior.
The orc warrior is lightly wounded.
The orc warrior misses you.
You hit the orc warrior but do no damage.
The orc warrior is lightly wounded.
You closely miss the orc warrior.
You bite the orc warrior, but do no damage.
The orc warrior is lightly wounded.
The orc warrior hits you with a +0 scimitar!
You hit the orc warrior.
The orc warrior is moderately wounded.
The orc warrior hits you with a +0 scimitar!
* * * LOW HITPOINT WARNING * * *
Okay, then.
Okay, then.
The gnoll is distracted by your dazzling golden aura.
The orc warrior attacks as you move away!
You block the orc warrior's attack.
As you read the scroll of identify, it crumbles to dust.
r - 2 potions of attraction The orc warrior closely misses you.
The gnoll is no longer distracted by gold.
Unknown command.
The orc warrior attacks as you move away!
The orc warrior hits you with a +0 scimitar!
* * * LOW HITPOINT WARNING * * *
The orc warrior attacks as you move away!
The orc warrior hits you with a +0 scimitar.
* * * LOW HITPOINT WARNING * * *
It was a potion of cancellation.
You feel magically purged. The orc warrior barely misses you.
It was a potion of haste.
You feel yourself speed up. The orc warrior barely misses you.
It was a potion of lignification.
You turn into a tree.
Your +0 cloak melds into your body.
Your +1 hat melds into your body.
Your +0 scale mail melds into your body.
Your roots penetrate the ground.
The orc warrior hits you with a +0 scimitar!
You die...
Your body crumbles into a pile of gold.

..# #...... ....
#.###....... ....
#......#.... .....
##.##.# ....
.....###.....##..##
.................#
#...........#..
#.#.........## .
..#.##♣o.g.....##....
...##..#...#.$......
......#.....##........
#.......###.##.......#
##.......#.....#.......
#....##................ .
##...#..........##.....
..#......#......#.# .....
.........>......#.##...).


You could see an orc warrior and a gnoll.

Vanquished Creatures
  2 ogres (D:4)
  A phantom (D:5)
  2 kobold brigands (D:4)
  2 scorpions
  A wight (D:7)
  A hound (D:5)
  A jelly (D:6)
  An iguana (D:5)
  4 adders
  6 orcs
  6 ball pythons
  6 endoplasms
  4 giant cockroaches
  6 goblins
  14 hobgoblins
  2 jackals (D:4)
  2 quokkas
  4 bats
  4 frilled lizards
  13 kobolds
  7 rats
89 creatures vanquished.

Notes
Turn   | Place    | Note
-------+----------+-------------------------------------------
     0 | D:1      | zeram the Gnoll Fighter began the quest for the Orb.
     0 | D:1      | Reached XP level 1. HP: 23/23 MP: 1/1
     0 | D:1      | Noticed a demonspawn zombie
     3 | D:1      | Noticed a demonspawn zombie
    15 | D:1      | Noticed a demonspawn zombie
    19 | D:1      | Noticed a merfolk zombie
    21 | D:1      | Noticed a merfolk zombie
    56 | D:1      | Found a faded altar of an unknown god.
   158 | D:1      | Reached XP level 2. HP: 29/29 MP: 2/2
   579 | D:2      | Found a hazy altar of Hepliaklqana.
   603 | D:2      | Reached XP level 3. HP: 35/35 MP: 3/3
  1328 | D:3      | Noticed a scorpion
  1335 | D:3      | Killed a scorpion
  1336 | D:3      | Reached skill level 1 in Short Blades
  1336 | D:3      | Reached skill level 1 in Long Blades
  1336 | D:3      | Reached skill level 1 in Axes
  1336 | D:3      | Reached skill level 1 in Maces & Flails
  1336 | D:3      | Reached skill level 1 in Staves
  1336 | D:3      | Reached skill level 1 in Ranged Weapons
  1336 | D:3      | Reached skill level 1 in Throwing
  1336 | D:3      | Reached skill level 1 in Dodging
  1336 | D:3      | Reached skill level 1 in Stealth
  1336 | D:3      | Reached skill level 1 in Unarmed Combat
  1336 | D:3      | Reached skill level 1 in Spellcasting
  1336 | D:3      | Reached skill level 1 in Conjurations
  1336 | D:3      | Reached skill level 1 in Hexes
  1336 | D:3      | Reached skill level 1 in Summonings
  1336 | D:3      | Reached skill level 1 in Necromancy
  1336 | D:3      | Reached skill level 1 in Translocations
  1336 | D:3      | Reached skill level 1 in Transmutations
  1336 | D:3      | Reached skill level 1 in Fire Magic
  1336 | D:3      | Reached skill level 1 in Ice Magic
  1336 | D:3      | Reached skill level 1 in Air Magic
  1336 | D:3      | Reached skill level 1 in Earth Magic
  1336 | D:3      | Reached skill level 1 in Poison Magic
  1336 | D:3      | Reached skill level 1 in Invocations
  1336 | D:3      | Reached skill level 1 in Evocations
  1336 | D:3      | Reached XP level 4. HP: 30/41 MP: 5/5
  1455 | D:3      | Found a snail-covered altar of Cheibriados.
  1558 | D:3      | Reached XP level 5. HP: 47/47 MP: 5/7
  2294 | D:4      | Found Kankiaku's Jewellery Emporium.
  2492 | D:4      | Noticed a kobold brigand
  2494 | D:4      | Noticed a kobold brigand
  2503 | D:4      | Killed a kobold brigand
  2504 | D:4      | Reached XP level 6. HP: 31/53 MP: 8/8
  2510 | D:4      | Reached skill level 5 in Polearms
  2796 | D:4      | Found a staircase to the Ecumenical Temple.
  2812 | D:4      | Reached XP level 7. HP: 60/60 MP: 10/10
  2817 | Temple   | Entered the Ecumenical Temple
  2924 | Temple   | Became a worshipper of Gozag Ym Sagoz the Greedy
  3055 | D:5      | Entered Level 5 of the Dungeon
  3189 | D:5      | You fall into a shaft and drop 2 floors!
  3742 | D:6      | HP: 2/56 [orc warrior/+0 scimitar (3)]
  3746 | D:6      | Mangled by an orc warrior

Illustrated notes

Levels and vault maps discovered:
D:1:      shiori_arrival_whats_in_store_for_you, layout_rooms,
          hellmonk_ecumenical_altar_slurped_away, nrook_mini_vaults
D:2:      layout_basic, basic_altar, grunt_ministairs_8, kennysheep_minor_cross
D:3:      layout_basic, mainiacjoe_overflow_24_doors, supply_closet_lemuel
D:4:      cheibrodos_thug_alley, layout_rooms, minmay_temple_entry_tees,
          serial_shops, kennysheep_mini
D:5:      layout_gridville, chequers_serial_rivers_small_a
D:6:      layout_cave_pools, uniq_menkaure
D:7:      black_bear_nest_1, layout_basic, uniq_maggie
Temple:   compressed_dpeg_circular_temple

Skill      XL: |  1  2  3  4  5  6  7 |
---------------+----------------------+-----
Short Blades   | 1 2 |  2.8
Long Blades    | 1 2 |  2.8
Axes           | 1 2 |  2.8
Maces & Flails | 1 2 |  2.8
Staves         | 1 2 |  2.8
Ranged Weapons | 1 2 |  2.8
Throwing       | 1 2 |  2.8
Dodging        | 1 2 |  2.8
Stealth        | 1 2 |  2.8
Unarmed Combat | 1 2 |  2.8
Spellcasting   | 1 2 |  2.8
Conjurations   | 1 2 |  2.3
Hexes          | 1 2 |  2.3
Summonings     | 1 2 |  2.3
Necromancy     | 1 2 |  2.3
Translocations | 1 2 |  2.3
Transmutations | 1 2 |  2.3
Fire Magic     | 1 2 |  2.3
Ice Magic      | 1 2 |  2.3
Air Magic      | 1 2 |  2.3
Earth Magic    | 1 2 |  2.3
Poison Magic   | 1 2 |  2.3
Invocations    | 1 2 3 |  3.1
Evocations     | 1 2 |  2.8
Polearms       | 5 |  5.4
Fighting       | 7 |  7.2
Armour         | 7 |  7.2
Shields        | 7 |  7.2

Action                   |  1- 3 |  4- 6 |  7- 9 || total
-------------------------+-------+-------+-------++-------
Melee: Trident           |    89 |    55 |       ||   144
       Bite              |     4 |    15 |     4 ||    23
       Spear             |       |    81 |    82 ||   163
  Use: Scroll            |     2 |       |     3 ||     5
       Potion            |       |     3 |     3 ||     6
Armor: Scale mail        |    40 |    41 |    18 ||    99
Dodge: Dodged            |    15 |    45 |    26 ||    86
Block: Buckler           |    16 |    24 |    13 ||    53
